 Dungeon Sprint DCSS version 0.29-a0-717-g6dac4ea423 (webtiles) character file.

Game seed: 10269473245800436329

7210 mhtbhm the Ninja (level 10, -5/42 HPs)
             Began as a Felid Enchanter on June 26, 2022.
             Was the Champion of Dithmenos.
             Slain by a sixfirhy (10 damage)
             ... summoned by a mummy priest
             ... in the Dungeon (Sprint I: "Red Sonja").
             The game lasted 00:14:23 (2700 turns).

mhtbhm the Ninja (Felid Enchanter)                  Turns: 2700, Time: 00:14:23

Health: -5/42      AC:  2    Str:  4    XL:     10   Next: 87%
Magic:  0/26       EV: 27    Int: 21    God:    Dithmenos [******]
Gold:   2472       SH:  0    Dex: 23    Spells: 12/32 levels left
                                        Lives:  0   Deaths: 3

rFire   x x .      SeeInvis +     - Unarmed
rCold   + + .      Faith    .   (shield unavailable)
rNeg    . . .      Spirit   +   (body armour unavailable)
rPois   .          Reflect  .   (helmet unavailable)
rElec   .          Harm     .   (cloak unavailable)
rCorr   .          Rampage  .   (gloves unavailable)
Will    +....      NoTele   +   (boots unavailable) Stlth *********+
                                i - amulet of guardian spirit
HPRegen 0.14/turn               d - ring of ice
MPRegen 0.20/turn               l - ring "Nejoemeg" {Ice Int+3 Dex+3}

@: wreathed by umbra, quick
A: very small, claws 1, fangs 3, see invisible, speed 1, shaggy fur 2, stealthy
paws, no weapons or thrown items, no armour, multi-lived
a: Renounce Religion, Shadow Step, Shadow Form


You were in the Dungeon.
You worshipped Dithmenos.
Dithmenos was exalted by your worship.
You visited 1 branch You collected 4042 gold pieces.
You spent 1570 gold pieces at shops.

Inventory:

Jewellery
 b - a +6 ring of strength
 d - a ring of ice (left paw)
 g - a +6 ring of intelligence
 i - an amulet of guardian spirit (around neck)
 l - the ring "Nejoemeg" (right paw) {Ice Int+3 Dex+3}
   (You found it in the Dungeon)

   [ring of ice]

   It enhances your ice magic.
   Int:       It affects your intelligence (+3).
   Dex:       It affects your dexterity (+3).
   rF:        It makes you vulnerable to fire.
   rC:        It protects you from cold.
 p - a +4 ring of evasion
Wands
 f - a wand of flame (5)
 k - a wand of iceblast (4)
Scrolls
 e - a scroll of fear {unknown}
 h - a scroll of blinking
 j - a scroll of poison
 q - a scroll of fog
Potions
 a - 2 potions of invisibility
 n - 2 potions of heal wounds


   Skills:
 + Level 3.1 Fighting
 + Level 10.6 Dodging
 O Level 27 Stealth
 + Level 14.4 Unarmed Combat
 + Level 11.7 Spellcasting
 + Level 17.0 Hexes
 + Level 5.0 Summonings
 + Level 5.4 Ice Magic
 + Level 2.3 Air Magic
 + Level 3.4 Invocations
 + Level 2.1 Evocations


You had 12 spell levels left.
You knew the following spells:

 Your Spells              Type           Power      Damage    Failure   Level
a - Ensorcelled Hibernat  Hex/Ice        100%       N/A       1%          2
b - Confusing Touch       Hex            71%        N/A       0%          3
c - Tukima's Dance        Hex            71%        N/A       0%          3
d - Dazzling Flash        Conj/Hex       96%        N/A       1%          3
e - Swiftness             Air            22%        N/A       6%          3
f - Summon Guardian Gole  Hex/Summ       56%        N/A       1%          3
g - Call Canine Familiar  Summ           33%        N/A       1%          3

Your spell library contained the following spells:

 Spells                   Type           Power      Damage    Failure   Level
 Summon Small Mammal      Summ           100%       N/A       1%          1
 Shock                    Conj/Air       68%        1d7       3%          1
 Airstrike                Air            11%        N/A       21%         4


Dungeon Overview and Level Annotations

Branches:
Dungeon (1/1)

Altars:
Cheibriados
Dithmenos
Elyvilon
Fedhas
Gozag
Hepliaklqana
Kikubaaqudgha
Makhleb
Nemelex Xobeh
Okawaru
Qazlal
Ru
Sif Muna
Trog
Uskayaw
Vehumet
Wu Jian
Xom
Yredelemnul
Zin
The Shining One
Jiyva
Lugonu

Shops:
D [***[:[([!!*(:([*

Annotations:
D exclusion: oklob plant, Tiamat


Innate Abilities, Weirdness & Mutations

You have sharp claws.
You have razor-sharp teeth.
You have supernaturally acute eyesight. (SInv)
You cover ground quickly. (Speed+)
You are covered in thick fur. (AC +2)
Your paws help you pounce on unaware monsters.
You are incapable of wielding weapons or throwing items.
You cannot wear armour.
You gain extra lives every three experience levels.


Message History

The sun demon closely misses you. The merfolk siren barely misses you.
The hornet closely misses you.
You catch the helpless hornet completely off-guard!
You eviscerate the hornet!!!
You kill the hornet!
Dithmenos accepts your kill. The sun demon misses you.
The merfolk siren chants a haunting song.
You resist with some effort.
Unknown command.
You pounce on the helpless sun demon from behind!
You eviscerate the sun demon!!!
You kill the sun demon!
The sun demon disappears in a puff of smoke!
Unknown command.
Okay, then.
Casting: Dazzling Flash (safe; 1% risk of failure)
Confirm with . or Enter, or press ? or * to list all spells.
A guardian golem appears, shielding your allies.
The sixfirhy hits you. The sixfirhy shocks you! The sixfirhy barely misses you.
The sixfirhy hits you.
* * * LOW HITPOINT WARNING * * *
The sixfirhy shocks you!
* * * LOW HITPOINT WARNING * * *
The merfolk siren closely misses you. Something hits your guardian golem!
The sixfirhy misses you.
Something hits your guardian golem but does no damage.
Something hits your guardian golem.
Unknown command.
Casting: Summon Guardian Golem (safe; 1% risk of failure)
Confirm with . or Enter, or press ? or * to list all spells.
You don't have enough magic to cast this spell.
Casting: Summon Guardian Golem (safe; 1% risk of failure)
Confirm with . or Enter, or press ? or * to list all spells.
Okay, then.
You feel much better. The sixfirhy closely misses you. The sixfirhy hits you.
The sixfirhy shocks you! The sixfirhy hits you!
* * * LOW HITPOINT WARNING * * *
You emit a cloud of dark smoke.
The sixfirhy shocks you!
You die...

#..###$# ###+## #....#
##.#A#$#..≈. #[####+#....#
. #§.###$#.m4
##'#§§..##...# °#
#.##..$#..≈##..§.§...##..#
##
#..#+###..≈#§§..§§§§.§#..#
#
##...#P≈..##..§§§D§§.§##.#
###.#M§9m#....§§§§§D..#○#
#.# #§3#....§§§§§§..#.#
#.# +§@##...§§§h...##.#
####'# ##§##$$§§§9D$$$#°○#
## ###....#
#§§§##$$§§§§§$##°.#
.#####...####
#≈≈≈≈##?§§§§§##..°#
...)...###
#≈≈≈≈≈########.○°○#
...#####
####≈≈≈≈#≈≈≈≈≈#°.°..# ).##
#..#'≈≈≈'≈≈.≈≈'°°...# .##
#..)##≈≈#≈≈≈≈≈#○≈≈..# .#
#....######'#####≈≈≈#


You could see a merfolk siren, a sixfirhy (summoned, ally target) and a friendly
guardian golem (summoned).

Vanquished Creatures
  the Lernaean hydra (D)
  A deep elf master archer (D)
  A shadow dragon (D)
  4 fire giants (D)
  A hydra (D)
  2 centaur warriors (D)
  Sonja (D)
  A deep troll (D)
  A lindwurm (D)
  An oklob plant (D)
  A gargoyle (D)
  7 unseen horrors (D)
  2 demonic crawlers (D)
  2 kobold demonologists (D)
  5 hornets (D)
  A slime creature (D)
  Sigmund (D)
  A yak (D)
  2 redbacks (D)
  13 hogs (D)
  3 floating eyes (D)
  An ogre (D)
  7 necrophages (D)
  8 jellies (D)
  Ijyb (D)
  A ballistomycete spore (D)
70 creatures vanquished.

Vanquished Creatures (others)
  A ballistomycete spore (D)
1 creature vanquished.

Grand Total: 71 creatures vanquished

Notes
Turn   | Place    | Note
-------+----------+-------------------------------------------
     0 | D        | mhtbhm the Felid Enchanter began the quest for the Orb.
     0 | D        | Reached XP level 1. HP: 7/7 MP: 4/4
     1 | D        | Noticed Ijyb
     9 | D        | Killed Ijyb
    10 | D        | Reached skill level 6 in Stealth
    10 | D        | Reached XP level 2. HP: 11/11 MP: 4/6
   154 | D        | Learned a level 2 spell: Ensorcelled Hibernation
   155 | D        | Noticed an ogre
   171 | D        | Killed an ogre
   172 | D        | Reached skill level 8 in Stealth
   172 | D        | Reached skill level 1 in Ice Magic
   172 | D        | Reached XP level 3. HP: 14/14 MP: 2/9
   172 | D        | Reached XP level 4. HP: 18/18 MP: 2/10
   178 | D        | Noticed Sigmund
   183 | D        | Killed Sigmund
   184 | D        | Reached skill level 5 in Dodging
   184 | D        | Reached skill level 10 in Stealth
   184 | D        | Reached skill level 10 in Hexes
   184 | D        | Reached XP level 5. HP: 21/21 MP: 1/13
   184 | D        | Gained mutation: You are covered in thick fur. (AC +2)
                  | [Felid growth]
   184 | D        | Reached XP level 6. HP: 24/24 MP: 1/14
   200 | D        | Found a shimmering blue altar of Sif Muna.
   201 | D        | Found an ornate altar of the Wu Jian Council.
   202 | D        | Found a radiant altar of Vehumet.
   207 | D        | Reached skill level 11 in Stealth
   207 | D        | Reached skill level 5 in Spellcasting
   208 | D        | Found Puiph's Assorted Antiques.
   208 | D        | Found an ancient bone altar of Kikubaaqudgha.
   208 | D        | Found a hazy altar of Hepliaklqana.
   208 | D        | Found a stormy altar of Qazlal.
   208 | D        | Found a hide-covered altar of Uskayaw.
   208 | D        | Found a blossoming altar of Fedhas.
   208 | D        | Found a bloodstained altar of Trog.
   208 | D        | Found an iron altar of Okawaru.
   208 | D        | Found a basalt altar of Yredelemnul.
   208 | D        | Found a glowing golden altar of the Shining One.
   208 | D        | Found a snail-covered altar of Cheibriados.
   208 | D        | Found a sacrificial altar of Ru.
   208 | D        | Found a glowing silver altar of Zin.
   208 | D        | Found a shadowy altar of Dithmenos.
   208 | D        | Found a white marble altar of Elyvilon.
   208 | D        | Noticed a yak
   209 | D        | Found an opulent altar of Gozag.
   210 | D        | Killed a yak
   211 | D        | Reached skill level 12 in Stealth
   211 | D        | Found a sparkling altar of Nemelex Xobeh.
   218 | D        | Became a worshipper of Dithmenos the Shadowed
   226 | D        | Noticed Sonja
   230 | D        | Killed Sonja
   231 | D        | Reached skill level 14 in Stealth
   231 | D        | Reached skill level 5 in Unarmed Combat
   231 | D        | Reached XP level 7. HP: 27/27 MP: 5/18
   333 | D        | Found Jutzelum's Armour Boutique.
   355 | D        | Learned a level 3 spell: Confusing Touch
   359 | D        | Learned a level 3 spell: Tukima's Dance
   363 | D        | Learned a level 3 spell: Dazzling Flash
   365 | D        | Noticed a deep troll
   369 | D        | Killed a deep troll
   370 | D        | Reached skill level 16 in Stealth
   370 | D        | Reached XP level 8. HP: 31/31 MP: 20/20
   379 | D        | Found Alachourch's Armour Emporium.
   465 | D        | Found a burning altar of Makhleb.
   465 | D        | Found a viscous altar of Jiyva.
   465 | D        | Found a shimmering altar of Xom.
   465 | D        | Found a corrupted altar of Lugonu.
   465 | D        | Noticed a slime creature
   468 | D        | Killed a slime creature
   468 | D        | Reached * piety under Dithmenos
   482 | D        | Noticed a kobold demonologist
   483 | D        | Noticed a kobold demonologist
   486 | D        | Reached skill level 17 in Stealth
   486 | D        | Killed a kobold demonologist
   487 | D        | Reached skill level 15 in Hexes
   487 | D        | Reached XP level 9. HP: 34/34 MP: 21/21
   488 | D        | Killed a kobold demonologist
   488 | D        | Reached ** piety under Dithmenos
   489 | D        | Reached skill level 18 in Stealth
   510 | D        | Noticed a centaur warrior
   510 | D        | Noticed a centaur warrior
   512 | D        | Killed a centaur warrior
   513 | D        | Reached skill level 19 in Stealth
   513 | D        | Killed a centaur warrior
   524 | D        | Learned a level 3 spell: Swiftness
   531 | D        | Reached *** piety under Dithmenos
   532 | D        | Reached skill level 20 in Stealth
   532 | D        | Reached skill level 5 in Ice Magic
   542 | D        | Noticed an oklob plant
   544 | D        | Killed an oklob plant
   545 | D        | Reached XP level 10. HP: 37/37 MP: 23/23
   556 | D        | Reached skill level 21 in Stealth
   600 | D        | Reached **** piety under Dithmenos
   626 | D        | Reached ***** piety under Dithmenos
   630 | D        | Reached skill level 22 in Stealth
   693 | D        | Found Oraprog's Assorted Antiques.
   693 | D        | Found Dieje's Assorted Antiques.
   693 | D        | Found Bemeon's Armour Boutique.
   695 | D        | Found Kuaggushiu's Book Emporium.
   695 | D        | Found Xumyapt's Armour Shop.
   695 | D        | Found Zuifyxiqiwn's Antique Weapon Shoppe.
   695 | D        | Found Qeacs's Antique Armour Boutique.
   695 | D        | Found Wovint's Distillery.
   695 | D        | Found Axisosh's Distillery.
   695 | D        | Found Orioghep's Assorted Antiques.
   699 | D        | Found Betau's Weapon Boutique.
   700 | D        | Found Juzxoron's Weapon Emporium.
   700 | D        | Found Dijo's Book Boutique.
   701 | D        | Found Zauq's Assorted Antiques.
   709 | D        | Bought a book of Callings for 220 gold pieces
   721 | D        | Bought an encrusted marble ring for 145 gold pieces
   777 | D        | Reached ****** piety under Dithmenos
   782 | D        | Noticed a gargoyle
   788 | D        | Slain by a demonic crawler
   789 | D        | Reached XP level 9. HP: -5/34 MP: 0/23
   793 | D        | Learned a level 3 spell: Summon Guardian Golem
   797 | D        | Learned a level 3 spell: Call Canine Familiar
  1293 | D        | Noticed a lindwurm
  1295 | D        | Killed a lindwurm
  1296 | D        | Reached skill level 23 in Stealth
  1329 | D        | Reached skill level 1 in Fighting
  1329 | D        | Reached skill level 1 in Summonings
  1331 | D        | Reached skill level 10 in Unarmed Combat
  1332 | D        | Reached XP level 10. HP: 39/39 MP: 24/24
  1335 | D        | Reached skill level 1 in Air Magic
  1343 | D        | Reached skill level 24 in Stealth
  1346 | D        | Noticed a 12-headed hydra
  1348 | D        | Killed a 12-headed hydra
  1392 | D        | Noticed a daeva
  1402 | D        | Reached skill level 25 in Stealth
  1409 | D        | Noticed a fire giant
  1410 | D        | Noticed a fire giant
  1410 | D        | Noticed a fire giant
  1410 | D        | Noticed a fire giant
  1411 | D        | Killed a fire giant
  1412 | D        | Reached skill level 26 in Stealth
  1412 | D        | Reached XP level 11. HP: 40/43 MP: 20/25
  1413 | D        | Killed a fire giant
  1414 | D        | Killed a fire giant
  1415 | D        | Reached skill level 27 in Stealth
  1415 | D        | Reached skill level 1 in Invocations
  1429 | D        | Found the +4 dragonskin cloak
  1429 | D        | Noticed Tiamat
  1430 | D        | Killed a fire giant
  1431 | D        | Reached skill level 10 in Spellcasting
  1431 | D        | Reached skill level 1 in Evocations
  1793 | D        | Bought a scroll of blinking for 195 gold pieces
  1793 | D        | Bought a potion of haste for 260 gold pieces
  1793 | D        | Bought a potion of heal wounds for 130 gold pieces
  1793 | D        | Bought 2 scrolls labelled JACEKLE XUAWO for 52 gold pieces
  1865 | D        | Bought a potion of curing for 36 gold pieces
  1865 | D        | Bought a potion of resistance for 120 gold pieces
  1865 | D        | Bought a potion of might for 48 gold pieces
  1866 | D        | Bought a potion of heal wounds for 65 gold pieces
  1866 | D        | Bought a potion of flight for 39 gold pieces
  1867 | D        | Bought a potion of heal wounds for 130 gold pieces
  1867 | D        | Bought a potion of heal wounds for 130 gold pieces
  1976 | D        | Noticed a shadow dragon
  1976 | D        | Noticed a golden dragon
  1978 | D        | Killed a shadow dragon
  1979 | D        | Reached skill level 10 in Dodging
  1982 | D        | Slain by a golden dragon
  1983 | D        | Reached XP level 10. HP: -3/40 MP: 0/25
  1990 | D        | HP: 1/40 [golden dragon/bolt of cold (34)]
  1991 | D        | Slain by a golden dragon
  1992 | D        | Reached XP level 9. HP: -1/36 MP: 0/24
  1994 | D        | Noticed a gargoyle
  2119 | D        | Killed a gargoyle
  2134 | D        | Noticed the 27-headed Lernaean hydra
  2137 | D        | Killed the 27-headed Lernaean hydra
  2138 | D        | Reached XP level 10. HP: 37/40 MP: 20/26
  2143 | D        | Noticed a deep elf master archer
  2146 | D        | Killed a deep elf master archer
  2153 | D        | Identified the +3 robe of Hett {Harm +Blink rN+}
  2154 | D        | Identified the +2 leather armour of Apathy {Int+3}
  2157 | D        | Identified the +0 plate armour of Fortification {-Cast
                  | rElec rCorr}
  2158 | D        | Identified the ring "Nejoemeg" {Ice Int+3 Dex+3}
  2684 | D        | Noticed a merfolk siren
  2686 | D        | Noticed an oklob plant
  2687 | D        | Noticed a merfolk siren
  2690 | D        | Noticed a mummy priest
  2693 | D        | Noticed a sun demon
  2694 | D        | Reached skill level 5 in Summonings
  2694 | D        | Noticed a sixfirhy
  2699 | D        | HP: 2/42 [sixfirhy[a mummy priest] (8)]
  2700 | D        | Slain by a sixfirhy

Illustrated notes

Levels and vault maps discovered:
D:        dungeon_sprint_1 [red_sonja_temple_1, red_sonja_temple_small_1]

Skill      XL: |  1  2  3  4  5  6  7  8  9 10 11 |
---------------+----------------------------------+-----
Dodging        | 3 4 5 6 7 8 9 10 | 10.6
Stealth        | 6 8 10 14 16 17 23 26 27 | 27.0
Hexes          | 6 8 10 13 14 15 17 | 17.0
Unarmed Combat | 2 3 5 6 10 14 13 | 14.4
Spellcasting   | 3 4 6 7 11 9 10 | 11.7
Ice Magic      | 1 2 3 4 5 |  5.4
Fighting       | 1 3 |  3.1
Summonings     | 4 5 3 |  5.0
Air Magic      | 2 1 |  2.3
Invocations    | 3 2 |  3.4
Evocations     | 2 1 |  2.1

Action                   |  1- 3 |  4- 6 |  7- 9 | 10-12 || total
-------------------------+-------+-------+-------+-------++-------
Melee: Unarmed           |     7 |     5 |    24 |    70 ||   106
       Bite              |       |       |     4 |     3 ||     7
       Punch             |       |       |     2 |     2 ||     4
 Cast: Ensorcelled Hiber |     5 |     1 |       |       ||     6
       Call Canine Famil |       |       |     2 |     3 ||     5
       Confusing Touch   |       |       |     1 |     3 ||     4
       Summon Guardian G |       |       |     1 |     3 ||     4
       Swiftness         |       |       |     1 |     1 ||     2
       Dazzling Flash    |       |       |       |     2 ||     2
Invok: Shadow Step       |       |       |     1 |     5 ||     6
Evoke: Wand              |       |       |     2 |     1 ||     3
  Use: Potion            |     3 |       |     5 |    12 ||    20
       Scroll            |       |       |     1 |     4 ||     5
 Stab: Sleeping          |     2 |     5 |    15 |    41 ||    63
       Confused          |       |       |     1 |     2 ||     3
       Invisible         |       |       |       |     3 ||     3
       Distracted        |       |       |       |     1 ||     1
Armor: Skin              |       |       |     2 |     2 ||     4
Dodge: Dodged            |     7 |       |    33 |    77 ||   117

Table legend: (Time is in decaauts)
 A = Elapsed time spent in this place.
 B = Non-inter-level travel time spent in this place.
 C = Inter-level travel time spent in this place.
 D = Time resting spent in this place.
 E = Time spent auto-exploring this place.
 F = Levels seen in this place.
 G = Mean time per level.
                   A        B        C        D        E       F      G
               +--------+--------+--------+--------+--------+-----+--------+
         Total |   2474 |   2453 |     21 |   1278 |      0 |   1 | 2474.0 |
       Dungeon |   2474 |   2453 |     21 |   1278 |      0 |   1 | 2474.0 |
               +--------+--------+--------+--------+--------+-----+--------+

Top non-repeatable levels by time:
       D: 2474 daAuts
